 Dungeon Crawl Stone Soup version 0.22-a0-181-gb22368a (webtiles) character file.

108386 Amnesiac the Blocker (level 16, -3/115 HPs)
             Began as a Mummy Earth Elementalist on Feb 14, 2018.
             Was a High Priest of Ashenzari.
             Killed from afar by a deep elf mage (38 damage)
             ... with a bolt of lightning
             ... on level 3 of the Elven Halls.
             The game lasted 01:21:26 (33328 turns).

Amnesiac the Blocker (Mummy Earth Elementalist)    Turns: 33328, Time: 01:21:27

Health: -3/115     AC: 15    Str: 12    XL:     16   Next: 2%
Magic:  0/29       EV: 18    Int: 22    God:    Ashenzari [*****.]
Gold:   581        SH: 25    Dex: 20    Spells: 10/33 levels left

rFire    . . .     SeeInvis +   a - +8 dagger (elec)
rCold    . . .     Gourm    .   L - +6 large shield (curse)
rNeg     + + +     Faith    .   p - +2 robe {MR+}
rPois    ∞         Spirit   +   m - +2 hat (curse)
rElec    .         Reflect  .   I - +2 cloak
rCorr    .         Harm     .   t - +2 pair of gloves (curse)
MR       +++..     Clarity  +   u - +2 pair of boots (curse)
Stlth    +++++.....             o - amulet of guardian spirit (curse)
HPRegen  0.29/turn              n - ring "Kotsy" {rN+ Int+3 Dex+6}
MPRegen  0.21/turn              x - ring of fire (curse)

@: no status effects
A: no food or potions, fire vulnerability, cold resistance 1, negative energy
resistance 3, torment resistance, unbreathing, in touch with death 1
a: Curse Item, Scrying, Transfer Knowledge, Renounce Religion


You were on level 3 of the Elven Halls.
You worshipped Ashenzari.
Ashenzari was extremely pleased with you.
You were not hungry.

You visited 4 branches of the dungeon, and saw 21 of its levels.

You collected 2046 gold pieces.
You spent 1465 gold pieces at shops.

Inventory:

Hand Weapons
 a - a +8 dagger of electrocution (weapon)
 b - a +4 blowgun
Missiles
 e - 116 poisoned needles
 C - 498 stones (quivered)
Armour
 m - a cursed +2 hat (worn)
 p - a +2 robe of magic resistance (worn)
 t - a cursed +2 pair of gloves (worn)
 u - a cursed +2 pair of boots (worn)
 I - a +2 cloak (worn)
 L - a cursed +6 large shield (worn)
Jewellery
 n - the ring "Kotsy" (left hand) {rN+ Int+3 Dex+6}
   (You found it on level 3 of the Elven Halls)

   [ring of intelligence]

   It affects your intelligence (+3).
   It affects your dexterity (+6).
   It protects you from negative energy.
 o - a cursed amulet of guardian spirit (around neck)
 q - an uncursed ring of ice
 x - a cursed ring of fire (right hand)
 A - an uncursed ring of flight
Wands
 d - a wand of acid (4)
 g - a wand of disintegration (14)
 r - a wand of enslavement (3)
 y - a wand of polymorph (14)
 D - a wand of iceblast (19)
 F - a wand of digging (13)
 G - a wand of random effects (25)
 J - a wand of flame (27)
Scrolls
 c - 2 scrolls of blinking {!r}
 f - 4 scrolls of identify {!r}
 h - 7 scrolls of magic mapping {!r}
 j - 9 scrolls of teleportation {!r}
 k - 3 scrolls of vulnerability {!r}
 s - a scroll of silence {!r}
 v - a scroll of amnesia {!r}
 w - a scroll of brand weapon {!r}
 B - 4 scrolls of remove curse {!r}
 E - 4 scrolls of fog {!r}
Books
 i - a book of Dreams

   Spells                             Type                      Level
   a - Ensorcelled Hibernation        Hexes/Ice                    2
   b - Borgnjor's Vile Clutch         Necromancy/Earth             5
   c - Silence                        Hexes/Air                    5
   d - Darkness                       Hexes                        6
   e - Shadow Creatures               Summoning                    6
Miscellaneous
 z - a lamp of fire


   Skills:
 - Level 7.0 Fighting
 - Level 10.0 Short Blades
 - Level 7.0(9.7) Dodging
 - Level 7.0(9.8) Stealth
 + Level 12.4(14.7) Shields
 - Level 9.0 Spellcasting
 - Level 7.0(9.8) Necromancy
 - Level 9.0(11.5) Transmutations
 - Level 5.0(7.6) Air Magic
 - Level 9.0(11.5) Earth Magic


You had 10 spell levels left.
You knew the following spells:

 Your Spells              Type           Power        Failure   Level  Hunger
a - Sandblast             Erth           ######       1%          1    N/A
b - Passwall              Tmut/Erth      ######....   1%          2    N/A
c - Swiftness             Chrm/Air       ####....     7%          2    N/A
d - Lee's Rapid Deconstr  Erth           ######....   6%          5    N/A
e - Petrify               Tmut/Erth      ######..     1%          4    N/A
f - Airstrike             Air            #####.....   11%         4    N/A
w - Borgnjor's Vile Clut  Necr/Erth      ######....   9%          5    N/A

Dungeon Overview and Level Annotations

Branches:
Dungeon (15/15)            Temple (1/1) D:7            Lair (0/6) D:10
    Orc (2/2) D:10            Elf (3/3) Orc:2        Vaults (0/5) D:14
 Depths (0/5) D:15

Altars:
Ashenzari
Cheibriados
Dithmenos
Elyvilon
Fedhas
Gozag
Hepliaklqana
Kikubaaqudgha
Makhleb
Nemelex Xobeh
Okawaru
Qazlal
Ru
Sif Muna
Trog
Uskayaw
Vehumet
Wu Jian
Xom
Yredelemnul
Zin
The Shining One

Shops:
D:4 [   D:8 [   D:9 %   D:13 (   D:15 }   Orc:2 *?[?!   Elf:2 :=}=


Innate Abilities, Weirdness & Mutations

You do not eat or drink.
Your flesh is vulnerable to fire.
You are immune to poison.
Your flesh is cold resistant. (rC+)
You are immune to negative energy. (rN+++)
You are immune to unholy pain and torment.
You can survive without breathing.
You are in touch with the powers of death.


Message History

You destroy the fire elemental!
There is an open door here.
Magic restored.
Things that are here:
an uncursed short sword; an uncursed scale mail; a brown potion {!q} A deep elf mage comes into view.
It is wielding a rapier.
A deep elf mage is nearby!
The deep elf mage shouts!
The deep elf mage gestures at you while chanting.
The bolt of lightning hits you! The bolt of lightning misses you.
There is an open door here.
The deep elf mage casts a spell at you. The bolt of lightning misses you.
The deep elf high priest shouts!
Casting: Petrify (safe; 2% risk of failure)
Confirm with . or Enter, or press ? or * to list all spells.
Aiming: Borgnjor's Vile Clutch (slightly dangerous; 9% risk of failure)
Press: ? - help, Dir - move target cursor, f - deep elf high priest
Aim: a deep elf high priest, wielding a shortbow and wearing a dyed leather armour You feel a surge of power!
Decaying hands burst forth from the earth!
Zombie hands grab the deep elf high priest.
The zombie hands constrict the deep elf high priest.
The deep elf high priest invokes the aid of its god against you.
Something smites you!
The zombie hands constrict the deep elf high priest.
The deep elf high priest utters an invocation to its god.
The deep elf high priest begins emitting a brilliant aura!
The deep elf mage is empowered by the deep elf high priest's aura!
The deep elf mage casts a spell at you. The bolt of lightning hits you!
* * * LOW HITPOINT WARNING * * *
Casting: Borgnjor's Vile Clutch (slightly dangerous; 9% risk of failure)
Confirm with . or Enter, or press ? or * to list all spells.
Aiming: Borgnjor's Vile Clutch (slightly dangerous; 9% risk of failure)
Press: ? - help, Dir - move target cursor, f/p - deep elf high priest
Aim: a deep elf high priest, wielding a shortbow and wearing a dyed leather armour (moderately wounded, aura of brilliance, constricted by zombie hands)
You feel a surge of power!
Decaying hands burst forth from the earth!
The deep elf high priest is unaffected.
Zombie hands grab the deep elf mage.
The zombie hands constrict the deep elf high priest!
The zombie hands constrict the deep elf mage!
The deep elf high priest shoots an arrow.
You block the arrow.
The deep elf mage struggles to escape constriction.
The zombie hands constrict the deep elf high priest!
The zombie hands constrict the deep elf mage!
The deep elf high priest unwields an uncursed shortbow.
You block the deep elf high priest's attack.
The deep elf mage casts a spell at you. The bolt of lightning hits you!
* * * LOW HITPOINT WARNING * * *
There is an open door here.
You puncture the deep elf high priest!
Lightning courses through the deep elf high priest!
You kill the deep elf high priest!
The zombie hands constrict the deep elf mage.
You hit the deep elf mage but do no damage.
The deep elf mage is severely wounded.
The zombie hands constrict the deep elf mage!
The deep elf mage gestures at you while chanting.
The bolt of lightning hits you!
You die...

* * #...'..#≈≈. * * #...#..#≈≈.
,* #...#..#≈≈. , #...#..#≈≈. * *
* ** ###########...#..#≈≈. ,,*, .
,#............##'##≈≈≈ , *,
....#...........##...##≈÷ , ,'
....'.).....)..## ,.. ##≈ * ***
###'####@####### ,,,,,,#≈ ,, ,
,,,,......)e......' , , #≈ ,,,,
..............# , #≈
######################### ##≈
≈≈≈≈≈≈≈≈≈≈≈≈≈≈≈≈≈≈≈≈≈≈≈≈##, ##≈≈
≈≈≈≈≈≈≈≈≈≈≈≈≈≈≈≈≈≈≈≈≈≈≈≈≈#####≈≈≈
.......................≈≈≈≈≈≈≈≈≈.
.........................≈≈≈≈≈...
.................)..............#


You could see a deep elf mage.

Vanquished Creatures
  A deep elf blademaster (Elf:2)
  A deep elf sorcerer (Elf:1)
  Louise (D:15)
  Nessos (D:12)
  A deep elf annihilator (Elf:1)
  2 deep elf demonologists
  4 ogre magi (Orc:2)
  A deep elf high priest (Elf:3)
  Fannar (D:10)
  A vault guard (D:14)
  A hydra (D:14)
  2 centaur warriors
  23 two-headed ogres
  A tengu warrior (D:15)
  20 dancing weapons
  17 deep elf knights
  7 deep elf archers
  An unseen horror (D:14)
  3 wizards
  A wolf spider zombie (D:14)
  Pikel (D:6)
  2 orc knights
  41 deep elf magi
  A necromancer (D:15)
  3 orc sorcerers
  12 ugly things
  2 cyclopes
  An orb spider (shapeshifter) (D:14)
  A moth of wrath (shapeshifter) (Elf:1)
  2 centaur zombies
  3 centaur skeletons
  A naga mage (D:15)
  A freezing wraith (D:14)
  2 kobold demonologists (D:14)
  A tengu conjurer (D:14)
  A wind drake (shapeshifter) (D:13)
  4 trolls
  Prince Ribbit (D:8)
  A harpy skeleton (D:15)
  A hippogriff (shapeshifter) (Elf:1)
  11 slime creatures
  Grinder (D:4)
  A hippogriff (D:13)
  2 air elementals (Elf:1)
  Sigmund (D:4)
  A wyvern (D:9)
  A spriggan (D:8)
  A vampire (D:13)
  3 shadows
  A water elemental (Elf:1)
  A steam dragon (shapeshifter) (Elf:1)
  Eustachio (D:6)
  2 wraiths (D:14)
  9 yaks
  3 fire elementals
  21 humans (D:14)
  2 hungry ghosts
  Menkaure (D:5)
  4 wargs
  Edmund (D:4)
  2 acid dragons
  2 hell hounds (D:10)
  A water moccasin (D:5)
  18 orc warriors
  4 slaves (D:6)
  4 ice beasts
  A black bear (D:11)
  2 phantoms
  3 sky beasts
  33 ogres
  5 boggarts (D:15)
  8 centaurs
  2 crocodiles
  6 big kobolds
  An elf zombie (D:14)
  12 bullfrogs
  An earth elemental (Elf:1)
  3 wyvern zombies
  A wyvern skeleton (D:14)
  7 scorpions
  9 killer bees
  5 wights (D:7)
  An electric eel (Elf:3)
  7 crimson imps
  2 quasits
  2 bullfrog zombies (D:5)
  5 hounds
  7 jellies
  2 bullfrog skeletons
  2 human zombies (D:14)
  11 orc priests
  Jessica (D:3)
  3 iguanas
  Natasha (thrice) (D:2)
  12 orc wizards
  2 human skeletons (D:14)
  13 worker ants
  An ogre zombie (D:14)
  2 hound zombies
  A hound skeleton (D:5)
  A mummy (D:14)
  Robin (D:4)
  4 gnolls (Orc:2)
  19 adders
  2 shadow imps
  3 oozes
  An adder zombie (D:7)
  An adder skeleton (D:8)
  3 worms
  2 dart slugs (D:2)
  2 leopard geckos
  75 orcs
  A bat (D:3)
  8 giant cockroaches
  9 goblins
  9 hobgoblins
  16 jackals
  25 kobolds
  3 quokkas
  A ball python (D:7)
  A quokka zombie (D:8)
  4 rats
638 creatures vanquished.

Vanquished Creatures (collateral kills)
  Snorg (Orc:2)
1 creature vanquished.

Vanquished Creatures (others)
  A dancing weapon (Elf:1)
  An unseen horror (D:14)
  An orc (Orc:1)
3 creatures vanquished.

Grand Total: 642 creatures vanquished

Notes
Turn   | Place    | Note
-------+----------+-------------------------------------------
     0 | D:1      | Amnesiac the Mummy Earth Elementalist began the quest for the Orb.
     0 | D:1      | Reached XP level 1. HP: 13/13 MP: 4/4
   126 | D:2      | Reached skill level 1 in Short Blades
   126 | D:2      | Reached XP level 2. HP: 4/19 MP: 3/5
   324 | D:2      | Noticed Natasha
   336 | D:2      | Noticed a crimson imp
   339 | D:2      | Killed Natasha
   339 | D:2      | Reached XP level 3. HP: 10/24 MP: 2/7
   390 | D:2      | Learned a level 2 spell: Passwall
   494 | D:2      | Noticed Natasha
   499 | D:2      | Killed Natasha
   821 | D:3      | Reached XP level 4. HP: 30/30 MP: 6/8
   830 | D:3      | Noticed Jessica
   836 | D:3      | Killed Jessica
   869 | D:3      | Found a glowing golden altar of the Shining One.
   961 | D:3      | Reached XP level 5. HP: 15/35 MP: 9/9
  1154 | D:4      | Noticed an ogre
  1243 | D:4      | Found Nycralau's Antique Armour Shoppe.
  1244 | D:4      | Noticed Grinder
  1332 | D:4      | Learned a level 4 spell: Petrify
  1344 | D:4      | Killed an ogre
  1344 | D:4      | Reached XP level 6. HP: 31/41 MP: 10/10
  1377 | D:4      | Reached skill level 5 in Short Blades
  1381 | D:4      | HP: 1/41 [orc/flail (4)]
  2418 | D:2      | Found a white marble altar of Elyvilon.
  2448 | D:2      | Found a hazy altar of Hepliaklqana.
  2668 | D:2      | Found a shimmering altar of Xom.
  2754 | D:2      | Noticed Natasha
  2764 | D:2      | Killed Natasha
  3242 | D:4      | Reached XP level 7. HP: 28/46 MP: 11/11
  3546 | D:4      | Noticed Robin
  3607 | D:4      | Killed Robin
  3789 | D:4      | Noticed Sigmund
  3825 | D:4      | Killed Sigmund
  4029 | D:4      | Noticed Edmund
  4047 | D:4      | Killed Edmund
  4099 | D:5      | Entered Level 5 of the Dungeon
  4407 | D:5      | Found a burning altar of Makhleb.
  4546 | D:5      | Reached XP level 8. HP: 33/52 MP: 8/12
  4553 | D:5      | Got a flickering wooden ring
  4554 | D:5      | Identified the ring "Plog" {rPois rF- Int+2 Dex+5} (You found it on level 5 of the Dungeon)
  5188 | D:5      | Learned a level 5 spell: Lee's Rapid Deconstruction
  5235 | D:5      | Found an opulent altar of Gozag.
  5495 | D:6      | Noticed Menkaure
  5658 | D:5      | Killed Menkaure
  5948 | D:6      | Noticed Pikel
  6302 | D:6      | Noticed Eustachio
  6322 | D:6      | Killed Eustachio
  6322 | D:6      | Reached skill level 5 in Spellcasting
  6322 | D:6      | Reached skill level 5 in Earth Magic
  6322 | D:6      | Reached XP level 9. HP: 51/57 MP: 1/16
  6453 | D:6      | Killed Pikel
  6610 | D:6      | Got a smoking plate armour
  6924 | D:7      | Reached skill level 1 in Transmutations
  7082 | D:7      | Found a staircase to the Ecumenical Temple.
  7280 | Temple   | Entered the Ecumenical Temple
  7298 | Temple   | Became a worshipper of Ashenzari the Shackled
  7309 | Temple   | Identified the +5 plate armour "Mutax" {rF+ rN+ Regen+} (You found it on level 6 of the Dungeon)
  8276 | D:8      | Found Oquff's Armour Shoppe.
  8279 | D:8      | Bought a +2 pair of boots for 231 gold pieces
  8336 | D:8      | Noticed Prince Ribbit
  8402 | D:8      | Killed Prince Ribbit
  8700 | D:7      | Reached XP level 10. HP: 25/63 MP: 1/20
  8880 | D:8      | Reached * piety under Ashenzari
  8910 | D:8      | Found a basalt altar of Yredelemnul.
  9039 | D:8      | Found a white marble altar of Elyvilon.
  9197 | D:9      | Reached skill level 5 in Stealth
  9715 | D:9      | Found Jauzazax's Food Shop.
  9796 | D:9      | Noticed a two-headed ogre
  9803 | D:9      | Killed a two-headed ogre
  9861 | D:10     | Entered Level 10 of the Dungeon
  9915 | D:10     | Reached ** piety under Ashenzari
  9923 | D:10     | Noticed a two-headed ogre
 10090 | D:9      | Killed a two-headed ogre
 10090 | D:9      | Reached skill level 3 in Shields
 10182 | D:9      | Learned a level 2 spell: Swiftness
 10187 | D:9      | Learned a level 4 spell: Airstrike
 10252 | D:10     | Found a staircase to the Lair.
 10282 | D:10     | Reached skill level 10 in Short Blades
 10565 | D:10     | Reached skill level 4 in Shields
 10684 | D:10     | Found a staircase to the Orcish Mines.
 10688 | D:10     | Reached skill level 1 in Fighting
 10980 | D:10     | Reached XP level 11. HP: 35/72 MP: 5/21
 11551 | D:11     | Noticed a two-headed ogre
 11561 | D:11     | Killed a two-headed ogre
 11576 | D:11     | Noticed a brown ugly thing
 11965 | D:11     | Noticed a purple ugly thing
 11997 | D:11     | Killed a purple ugly thing
 12204 | D:11     | Killed a brown ugly thing
 12435 | D:11     | Reached skill level 1 in Air Magic
 12909 | D:11     | Noticed a fire giant
 13035 | D:11     | Noticed a two-headed ogre
 13143 | D:12     | Noticed Nessos
 14642 | D:12     | Killed Nessos
 14969 | D:13     | Identified a paperback manual
 15131 | D:13     | Noticed a purple ugly thing
 15321 | D:13     | Reached XP level 12. HP: 38/83 MP: 2/24
 15542 | D:13     | Noticed a two-headed ogre
 15551 | D:13     | Killed a two-headed ogre
 15758 | D:13     | Noticed a two-headed ogre
 15800 | D:13     | Noticed a centaur warrior
 15821 | D:13     | Reached *** piety under Ashenzari
 16253 | D:13     | Killed a two-headed ogre
 16331 | D:13     | Killed a centaur warrior
 16521 | D:13     | Found Ethi's Weapon Emporium.
 16610 | D:14     | Reached skill level 5 in Transmutations
 17480 | D:14     | Learned a level 5 spell: Borgnjor's Vile Clutch
 17535 | D:14     | Found a gate to the Vaults.
 17535 | D:14     | Noticed a vault guard
 17553 | D:14     | Reached skill level 1 in Necromancy
 17557 | D:14     | Killed a vault guard
 17897 | D:14     | Noticed a four-headed hydra
 17909 | D:14     | Killed a four-headed hydra
 17909 | D:14     | Gained mutation: You are in touch with the powers of death. [Mummy growth]
 17909 | D:14     | Reached XP level 13. HP: 80/88 MP: 3/25
 18335 | D:14     | Reached skill level 5 in Necromancy
 18503 | D:14     | Found a basalt altar of Yredelemnul.
 18789 | D:14     | Reached skill level 5 in Air Magic
 19914 | D:15     | Entered Level 15 of the Dungeon
 19914 | D:15     | Noticed Louise
 19916 | D:15     | Killed Louise
 20232 | D:15     | Found a staircase to the Depths.
 20502 | D:15     | Found Jetyfi's Gadget Emporium.
 21467 | D:4      | Killed Grinder
 21481 | D:4      | Bought a pair of embroidered gloves for 195 gold pieces
 21486 | D:4      | Bought an embroidered robe for 96 gold pieces
 21934 | Orc:1    | Entered Level 1 of the Orcish Mines
 21934 | Orc:1    | Noticed Fannar
 22313 | D:10     | Killed Fannar
 22509 | Orc:2    | Entered Level 2 of the Orcish Mines
 23146 | Orc:2    | Found Yxod's Distillery.
 23570 | Orc:2    | Reached XP level 14. HP: 22/96 MP: 1/27
 24895 | Orc:2    | Found a staircase to the Elven Halls.
 25213 | Orc:2    | Reached skill level 5 in Dodging
 25220 | Orc:2    | Reached skill level 5 in Shields
 25297 | Orc:2    | Reached skill level 5 in Fighting
 26188 | Orc:2    | Reached skill level 6 in Shields
 26303 | Orc:2    | Noticed Snorg
 26314 | Orc:2    | Killed Snorg
 26897 | Orc:2    | Found Bamakhlek's Antique Armour Boutique.
 26897 | Orc:2    | Found Xiumn's General Store.
 26897 | Orc:2    | Found Beomeris's Magic Scroll Emporium.
 26897 | Orc:2    | Found Wuobawuy's Magic Scroll Boutique.
 26907 | Orc:2    | Bought a pair of embroidered gloves for 262 gold pieces
 26923 | Orc:2    | Bought a scroll of amnesia for 45 gold pieces
 26923 | Orc:2    | Bought a scroll of vulnerability for 97 gold pieces
 26923 | Orc:2    | Bought a scroll of vulnerability for 97 gold pieces
 27289 | Orc:2    | Bought a shiny large shield for 262 gold pieces
 27315 | Orc:2    | Bought a scroll of enchant armour for 90 gold pieces
 27315 | Orc:2    | Bought a scroll of enchant armour for 90 gold pieces
 27375 | Elf:1    | Entered Level 1 of the Elven Halls
 27759 | Orc:2    | Reached skill level 7 in Shields
 28331 | Elf:1    | Reached **** piety under Ashenzari
 28818 | Elf:1    | Reached XP level 15. HP: 108/108 MP: 25/28
 28874 | Elf:1    | Reached skill level 8 in Shields
 28894 | Elf:1    | Noticed a deep elf sorcerer
 28912 | Elf:1    | Killed a deep elf sorcerer
 29386 | Elf:1    | Reached skill level 9 in Shields
 29823 | Elf:2    | Found Pupaeteu's Jewellery Shoppe.
 29823 | Elf:2    | Found Beomek's Gadget Shop.
 29824 | Elf:2    | Found Lyhiq's Jewellery Shoppe.
 29885 | Elf:2    | Got the quarterstaff "Iselyecw" {speed, rElec Dex+3 Stlth-}
 29925 | Elf:2    | Found Wucho's Book Shop.
 30137 | Elf:2    | Found a huge runed gate.
 30137 | Elf:2    | Found a huge runed gate.
 30151 | Elf:2    | Found a huge runed gate.
 30231 | Elf:2    | Reached skill level 10 in Shields
 30971 | Elf:2    | Noticed a deep elf blademaster
 31118 | Elf:2    | Reached skill level 11 in Shields
 32184 | Elf:2    | Killed a deep elf blademaster
 32319 | Elf:3    | Entered Level 3 of the Elven Halls
 32333 | Elf:3    | Identified the ring "Kotsy" {rN+ Int+3 Dex+6}
 32386 | Elf:3    | Reached ***** piety under Ashenzari
 32395 | Elf:3    | Reached skill level 12 in Shields
 33182 | Elf:3    | Noticed a Brimstone Fiend
 33290 | Elf:3    | Reached XP level 16. HP: 115/115 MP: 27/29
 33328 | Elf:3    | Killed from afar by a deep elf mage

Vault maps used:
D:1:      scummos_arrival_hexagon, serial_park_tiny_2
D:2:      old_standard_altar, lemuel_doored_altar, elyvilon_altar_4,
          uniq_natasha
D:3:      solitary_fountain, tso_metal_star, uniq_jessica
D:4:      first_ration, serial_shops, shop, sigmund_edmund_badplayer,
          uniq_robin, uniq_grinder
D:5:      makhleb_grotto_becter, nicolae_gozag_seed_capital, uniq_sigmund
D:6:      uniq_menkaure, uniq_eustachio, uniq_pikel, uniq_edmund
D:7:      temple_pool_b
D:8:      kennysheep_ying_yang, serial_shops, kennysheep_mini, the_bakery,
          uniq_prince_ribbit1
D:9:      serial_shops, kennysheep_mini_moat
D:10:     minmay_lair_entry_lava, david_orc_1_choice
D:11:     evilmike_minifort
D:12:     kennysheep_nondescript, uniq_nessos
D:13:     serial_shops, shop
D:14:     grunt_vaults_entry_tiered, minmay_staircase_windowed_large,
          lemuel_mausoleum_altar_yredelemnul
D:15:     grunt_enter_depths_magical_seal, grunt_decor_resistance, serial_shops,
          nicolae_shop_statue_plus, uniq_louise
Temple:   lightli_temple_of_artemis
Orc:1:    uniq_fannar
Orc:2:    st_orc_ogre_mass, serial_shops, nicolae_shop_behind_doors, uniq_snorg
Elf:1:    minmay_elf_arrival_plus, minivault_28
Elf:2:    serial_shops, shop, minmay_shop_grove
Elf:3:    minmay_elf_hall_four_x

Skill      XL: |  1  2  3  4  5  6  7  8  9 10 11 12 13 14 15 |
---------------+----------------------------------------------+-----
Short Blades   | 1 2 3 4 6 7 8 10 | 10.0
Spellcasting   | 5 6 8 9 |  9.0
Earth Magic    | 5 6 8 9 |  9.0
Stealth        | 2 4 5 6 7 |  7.0
Transmutations | 1 3 7 9 |  9.0
Shields        | 4 7 12 | 12.4
Fighting       | 2 4 7 |  7.0
Dodging        | 4 7 |  7.0
Air Magic      | 3 5 |  5.0
Necromancy     | 4 7 |  7.0

Action                   |  1- 3 |  4- 6 |  7- 9 | 10-12 | 13-15 | 16-18 || total
-------------------------+-------+-------+-------+-------+-------+-------++-------
Melee: Short sword       |    16 |   211 |   567 |       |       |       ||   794
       Dagger            |       |       |    42 |   847 |   696 |    10 ||  1595
 Fire: Blowgun           |       |       |       |       |    12 |       ||    12
Throw: Stone             |       |       |     2 |     1 |     1 |       ||     4
 Cast: Sandblast         |     9 |    19 |    68 |    20 |     5 |       ||   121
       Petrify           |       |       |    12 |   116 |   119 |       ||   247
       Lee's Rapid Decon |       |       |     3 |    17 |    81 |       ||   101
       Passwall          |       |       |     1 |    13 |    27 |       ||    41
       Airstrike         |       |       |       |     1 |    17 |       ||    18
       Borgnjor's Vile C |       |       |       |       |    69 |     2 ||    71
Invok: Curse Item        |       |       |     2 |       |     4 |       ||     6
Evoke: Lamp of fire      |       |       |       |     1 |       |       ||     1
  Use: Scroll            |       |       |       |    24 |    18 |       ||    42
 Stab: Sleeping          |     2 |     2 |    15 |    11 |    32 |       ||    62
       Distracted        |       |     1 |       |     1 |     1 |       ||     3
       Petrified         |       |       |     8 |    76 |    65 |       ||   149
       Petrifying        |       |       |       |    15 |    22 |       ||    37
Armor: Robe              |     2 |    12 |   124 |   141 |   101 |     1 ||   381
       Plate armour      |       |       |       |    66 |       |       ||    66
Dodge: Dodged            |    11 |   120 |   334 |   314 |   225 |     3 ||  1007
Block: Buckler           |       |       |       |   116 |    69 |       ||   185
       Large shield      |       |       |       |       |   160 |     5 ||   165

Table legend:
 A = Spawn XP
 B = Non-spawn XP
 C = Spawn XP percentage of total XP
 D = Spawn monster count
 E = Non-spawn monster count
 F = Spawn count percentage of total count
 G = Total turns spent on level
                    A         B        C        D         E        F      G
               +---------+---------+-------+---------+---------+-------+---------
         Total |       0 |  154838 |   0.0 |       0 |     636 |   0.0 | 33328
               +---------+---------+-------+---------+---------+-------+---------
           D:1 |       0 |      17 |   0.0 |       0 |       7 |   0.0 |   538
           D:2 |       0 |     146 |   0.0 |       0 |      16 |   0.0 |  1350
           D:3 |       0 |     143 |   0.0 |       0 |      17 |   0.0 |   837
           D:4 |       0 |    1149 |   0.0 |       0 |      41 |   0.0 |  1547
           D:5 |       0 |    1112 |   0.0 |       0 |      24 |   0.0 |  1698
           D:6 |       0 |    1119 |   0.0 |       0 |      13 |   0.0 |   942
           D:7 |       0 |    1404 |   0.0 |       0 |      38 |   0.0 |  1590
           D:8 |       0 |    1088 |   0.0 |       0 |      20 |   0.0 |   787
           D:9 |       0 |    2959 |   0.0 |       0 |      23 |   0.0 |   929
          D:10 |       0 |    4545 |   0.0 |       0 |      39 |   0.0 |  2283
          D:11 |       0 |    4675 |   0.0 |       0 |      26 |   0.0 |  2570
          D:12 |       0 |    4095 |   0.0 |       0 |      34 |   0.0 |  1496
          D:13 |       0 |    7634 |   0.0 |       0 |      42 |   0.0 |  1719
          D:14 |       0 |   18419 |   0.0 |       0 |      68 |   0.0 |  2585
          D:15 |       0 |    9426 |   0.0 |       0 |      24 |   0.0 |  1362
         Orc:1 |       0 |    2288 |   0.0 |       0 |      12 |   0.0 |  2033
         Orc:2 |       0 |   30335 |   0.0 |       0 |      98 |   0.0 |  3390
         Elf:1 |       0 |   22749 |   0.0 |       0 |      39 |   0.0 |  2003
         Elf:2 |       0 |   31574 |   0.0 |       0 |      40 |   0.0 |  2521
         Elf:3 |       0 |    9961 |   0.0 |       0 |      15 |   0.0 |  1009
               +---------+---------+-------+---------+---------+-------+---------
